Bulldogs vs Ice Caps

Created - Tuesday, November 18, 2014 at 22:50

Goals
1 2 3 OT1 T
Bulldogs 0 1 0 0 1
Ice Caps 1 0 0 1 2
Shots
1 2 3 OT1 T
Bulldogs 7 18 6 1 32
Ice Caps 8 7 10 1 26

1st period

1. Ice Caps , Oscar Klefbom 11 (Freddie Hamilton, Klas Dahlbeck) at 10:39

Penalties :
Scott Mayfield (STJ) for Fighting (Major) at 1:03, B.J. Crombeen (Ham) for Fighting (Major) at 1:03, Cody Beach (STJ) for Roughing (Minor) at 1:47, Luke Witkowski (STJ) for Tripping (Minor) at 4:46, Scott Mayfield (STJ) for Fighting (Major) at 8:39, B.J. Crombeen (Ham) for Fighting (Major) at 8:39, Ryan Carter (Ham) for Holding (Minor) at 10:42

2nd period

2. Bulldogs , B.J. Crombeen 5 (Jordan Leopold, Ryan Whitney) at 2:04 (PP)

Penalties :
Corey Cowick (STJ) for Hooking (Minor) at 1:02, B.J. Crombeen (Ham) for Tripping (Minor) at 4:57, Corey Cowick (STJ) for Cross-checking (Minor) at 7:10, Greg McKegg (STJ) for Holding (Minor) at 19:51

3rd period

No Goal

Penalties :
Jordan Leopold (Ham) for Hooking (Minor) at 4:27, Brandon Yip (Ham) for Holding (Minor) at 9:50, Brandon Yip (Ham) for Hooking (Minor) at 15:38, Mark Olver (Ham) for Roughing (Minor) at 18:00

Overtime #1

3. Ice Caps , Daniil Tarasov 6 (Freddie Hamilton) at 3:10

Penalties :
No Penalty

Goalie Stats

Jeff Zatkoff (Ham), 24 saves from 26 shots - (0.923), OTL, 11-0-2, 63:10 minutes
Nathan Lieuwen (STJ), 31 saves from 32 shots - (0.969), W, 6-2-5, 63:10 minutes

Players Stats for Bulldogs

Player Name              G  A  P  +/- PIM S  H  SB GA TA FO     MP     PP MP  PK MP  
------------------------------------------------------------------------------------
B.J. Crombeen            1  0  1  -1  12  7  1  0  1  0  0/0    15:33   3:05   2:15 
Brandon Yip              0  0  0   0  4   1  2  0  3  3  0/0    11:23   0:00   0:00 
Chris Conner             0  0  0  -1  0   1  1  0  0  1  0/0     9:31   0:00   0:38 
Cody McCormick           0  0  0   0  0   4  4  1  2  0  5/14   12:52   4:20   0:00 
Derek Smith              0  0  0   0  0   0  1  0  0  0  0/0    12:56   0:00   1:08 
Jean-Francois Jacques    0  0  0   0  0   0  2  0  1  0  0/0    14:04   1:33   0:00 
Jordan Leopold           0  1  1  -1  2   1  1  4  1  3  0/0    27:39   4:54   7:14 
Mark Olver               0  0  0   0  2   2  0  0  1  0  6/15   15:45   4:38   0:00 
Nathan Beaulieu          0  0  0  -1  0   4  0  0  0  4  0/0    22:41   4:04   3:32 
Nathan Horton            0  0  0   0  0   2  1  0  2  0  3/12   23:43   4:20   8:45 
Patrick Dwyer            0  0  0   0  0   0  2  1  3  1  1/1    23:43   4:20   8:45 
Patrick Kaleta           0  0  0  -1  0   1  1  0  0  0  0/0     8:50   0:00   0:00 
Reece Scarlett           0  0  0   0  0   0  0  0  0  0  0/0    11:41   0:00   0:00 
Ryan Carter              0  0  0   0  2   5  2  0  6  1  4/6    18:23   4:38   2:27 
Ryan Whitney             0  1  1  -1  0   1  2  1  0  1  0/0    28:48   4:54   8:22 
Steven Kampfer           0  0  0  -1  0   0  1  1  0  2  0/0    22:41   4:04   3:32 
Tim Kennedy              0  0  0  -1  0   2  5  0  2  0  2/10   11:35   0:00   0:58 
Trevor Smith             0  0  0  -1  0   1  2  0  1  0  4/5     8:50   0:00   0:00 

Players Stats for Ice Caps

Player Name              G  A  P  +/- PIM S  H  SB GA TA FO     MP     PP MP  PK MP  
------------------------------------------------------------------------------------
Brandon Davidson         0  0  0   1  0   0  0  0  0  3  0/0    22:54   5:36   3:39 
Cody Beach               0  0  0   0  2   1  0  0  0  0  0/0    12:28   0:00   0:00 
Colin Smith              0  0  0   0  0   3  1  0  1  0  11/19  17:33   5:35   0:00 
Corey Cowick             0  0  0   0  4   3  3  1  0  0  1/1    19:27   5:35   0:21 
Daniil Tarasov           1  0  1   1  0   5  1  2  5  1  0/1    20:48   5:35   1:45 
Freddie Hamilton         0  2  2   2  0   2  1  0  2  0  2/2    17:23   6:19   1:45 
Garret Ross              0  0  0   1  0   0  5  1  4  1  0/0    23:22   6:19   6:52 
Greg McKegg              0  0  0   1  2   0  1  1  2  1  12/21  25:51   6:19   5:14 
Joel Edmundson           0  0  0   0  0   0  0  0  0  1  0/0    15:22   0:00   2:41 
Klas Dahlbeck            0  1  1   1  0   1  1  2  0  3  0/0    25:23   6:18   5:19 
Luke Witkowski           0  0  0   0  2   0  0  0  0  0  0/0     3:24   0:00   0:00 
Michael Schumacher       0  0  0   0  0   2  2  2  3  0  0/2    14:01   0:00   0:00 
Oscar Klefbom            1  0  1   1  0   8  1  1  0  3  0/0    28:31   6:18   5:19 
Riley Wetmore            0  0  0   0  0   0  2  0  0  0  4/6     6:15   0:00   1:15 
Rylan Schwartz           0  0  0   0  0   1  2  1  1  0  7/10   14:53   0:00   0:44 
Scott Mayfield           0  0  0   1  10  0  3  0  3  2  0/0    17:22   4:39   1:09 
Seth Helgeson            0  0  0   0  0   0  0  4  0  1  0/0    13:49   0:57   0:00 
Travis Ewanyk            0  0  0   0  0   0  0  0  0  0  1/1     5:00   0:00   0:00 

3 Stars

1 - Nathan Lieuwen (STJ)
2 - Freddie Hamilton (STJ)
3 - Daniil Tarasov (STJ)

Power Play

Bulldogs - 1 on 5 Attempt(s) - 20.00%
Ice Caps - 0 on 6 Attempt(s) - 0.00%

Penalty Kill

Bulldogs - 6 on 6 Attempt(s) - 100.00% - Score 0 goal in Penalty Kill
Ice Caps - 4 on 5 Attempt(s) - 80.00% - Score 0 goal in Penalty Kill

Official

Referees : Unknown
Linesman : Unknown

Game Notes

B.J. Crombeen beats up Scott Mayfield at 1:03 of 1st period
B.J. Crombeen beats up Scott Mayfield at 8:39 of 1st period

Finance

Level 1 -- Attendance: 1370 (68.50%) -- Ticket Income $47,950
Level 2 -- Attendance: 718 (71.80%) -- Ticket Income $10,770
Total Attendance: 2088 (69.60%)
Total Ticket Income: $58,720
Other Income: $28,773
Total Income: $87,493

Bulldogs

5 vs 5 Forward 
   Center                   Left Wing                Right Wing               Time % Phy DF OF 
 1 Cody McCormick           Patrick Dwyer            Nathan Horton            35     1   2  2  
 2 Mark Olver               Ryan Carter              B.J. Crombeen            30     1   2  2  
 3 Tim Kennedy              Jean-Francois Jacques    Brandon Yip              22     1   2  2  
 4 Trevor Smith             Chris Conner             Patrick Kaleta           13     1   2  2  

5 vs 5 Defense 
   Defense                  Defense                                           Time % Phy DF OF 
 1 Jordan Leopold           Ryan Whitney                                      35     1   2  2  
 2 Steven Kampfer           Nathan Beaulieu                                   30     1   2  2  
 3 Reece Scarlett           Derek Smith                                       22     1   2  2  
 4 Jordan Leopold           Ryan Whitney                                      13     1   2  2  

PowerPlay Forward 
   Center                   Left Wing                Right Wing               Time % Phy DF OF 
 1 Cody McCormick           Patrick Dwyer            Nathan Horton            60     1   2  2  
 2 Mark Olver               Ryan Carter              B.J. Crombeen            40     1   2  2  

PowerPlay Defense
   Defense                  Defense                                           Time % Phy DF OF 
 1 Jordan Leopold           Ryan Whitney                                      60     1   2  2  
 2 Steven Kampfer           Nathan Beaulieu                                   40     1   2  2  

Penalty Kill 4 Players Forward 
   Center                   Wing                     Time % Phy DF OF 
 1 Nathan Horton            Patrick Dwyer            60     1   2  2  
 2 Ryan Carter              B.J. Crombeen            40     1   2  2  

Penalty Kill 4 Players Defense
   Defense                  Defense                  Time % Phy DF OF 
 1 Jordan Leopold           Ryan Whitney             60     1   2  2  
 2 Steven Kampfer           Nathan Beaulieu          40     1   2  2  

Penalty Kill - 3 Players Forward 
   Forward                                           Time % Phy DF OF 
 1 Nathan Horton                                     60     1   2  2  
 2 Patrick Dwyer                                     40     1   2  2  

Penalty Kill - 3 Players Defense
   Defense                  Defense                  Time % Phy DF OF 
 1 Jordan Leopold           Ryan Whitney             60     1   2  2  
 2 Steven Kampfer           Nathan Beaulieu          40     1   2  2  

4 vs 4 Forward 
   Center                   Wing                     Time % Phy DF OF 
 1 Nathan Horton            Patrick Dwyer            60     1   2  2  
 2 Ryan Carter              B.J. Crombeen            40     1   2  2  

4 vs 4 Defense
   Defense                  Defense                  Time % Phy DF OF 
 1 Jordan Leopold           Ryan Whitney             60     1   2  2  
 2 Steven Kampfer           Nathan Beaulieu          40     1   2  2  

Last Minutes Offensive
   Center                   Left Wing                Right Wing               Defense                  Defense                  
   Cody McCormick           Patrick Dwyer            Nathan Horton            Jordan Leopold           Ryan Whitney             

Last Minutes Defensive
   Center                   Left Wing                Right Wing               Defense                  Defense                  
   Cody McCormick           Patrick Dwyer            Nathan Horton            Jordan Leopold           Ryan Whitney             

Goaltenders
Starting : Jeff Zatkoff             
Backup : Eric Hartzell            

Extra Forwards
Normal : Jean-Francois Jacques, Brandon Yip, Tim Kennedy - PP : Jean-Francois Jacques, Brandon Yip - PK : Tim Kennedy
Extra Defensemen
Normal : Reece Scarlett, Derek Smith, Steven Kampfer - PP : Reece Scarlett - PK : Derek Smith, Steven Kampfer
Penalty Shots
Nathan Horton, Patrick Dwyer, Ryan Carter, B.J. Crombeen, Cody McCormick

Ice Caps

5 vs 5 Forward 
   Center                   Left Wing                Right Wing               Time % Phy DF OF 
 1 Greg McKegg              Garret Ross              Freddie Hamilton         35     1   2  2  
 2 Colin Smith              Corey Cowick             Daniil Tarasov           30     1   2  2  
 3 Rylan Schwartz           Michael Schumacher       Cody Beach               22     1   2  2  
 4 Riley Wetmore            Travis Ewanyk            Greg McKegg              13     1   2  2  

5 vs 5 Defense 
   Defense                  Defense                                           Time % Phy DF OF 
 1 Oscar Klefbom            Klas Dahlbeck                                     35     1   2  2  
 2 Scott Mayfield           Brandon Davidson                                  30     1   2  2  
 3 Seth Helgeson            Joel Edmundson                                    22     1   2  2  
 4 Luke Witkowski           Oscar Klefbom                                     13     1   2  2  

PowerPlay Forward 
   Center                   Left Wing                Right Wing               Time % Phy DF OF 
 1 Greg McKegg              Garret Ross              Freddie Hamilton         60     1   2  2  
 2 Colin Smith              Corey Cowick             Daniil Tarasov           40     1   2  2  

PowerPlay Defense
   Defense                  Defense                                           Time % Phy DF OF 
 1 Oscar Klefbom            Klas Dahlbeck                                     60     1   2  2  
 2 Scott Mayfield           Brandon Davidson                                  40     1   2  2  

Penalty Kill 4 Players Forward 
   Center                   Wing                     Time % Phy DF OF 
 1 Greg McKegg              Garret Ross              60     1   2  2  
 2 Freddie Hamilton         Daniil Tarasov           40     1   2  2  

Penalty Kill 4 Players Defense
   Defense                  Defense                  Time % Phy DF OF 
 1 Oscar Klefbom            Klas Dahlbeck            60     1   2  2  
 2 Scott Mayfield           Brandon Davidson         40     1   2  2  

Penalty Kill - 3 Players Forward 
   Forward                                           Time % Phy DF OF 
 1 Greg McKegg                                       60     1   2  2  
 2 Garret Ross                                       40     1   2  2  

Penalty Kill - 3 Players Defense
   Defense                  Defense                  Time % Phy DF OF 
 1 Oscar Klefbom            Klas Dahlbeck            60     1   2  2  
 2 Scott Mayfield           Brandon Davidson         40     1   2  2  

4 vs 4 Forward 
   Center                   Wing                     Time % Phy DF OF 
 1 Greg McKegg              Garret Ross              60     1   2  2  
 2 Freddie Hamilton         Daniil Tarasov           40     1   2  2  

4 vs 4 Defense
   Defense                  Defense                  Time % Phy DF OF 
 1 Oscar Klefbom            Klas Dahlbeck            60     1   2  2  
 2 Scott Mayfield           Brandon Davidson         40     1   2  2  

Last Minutes Offensive
   Center                   Left Wing                Right Wing               Defense                  Defense                  
   Greg McKegg              Garret Ross              Freddie Hamilton         Oscar Klefbom            Klas Dahlbeck            

Last Minutes Defensive
   Center                   Left Wing                Right Wing               Defense                  Defense                  
   Greg McKegg              Garret Ross              Freddie Hamilton         Oscar Klefbom            Klas Dahlbeck            

Goaltenders
Starting : Nathan Lieuwen           
Backup : Kristers Gudlevskis      

Extra Forwards
Normal : Rylan Schwartz, Michael Schumacher, Riley Wetmore - PP : Rylan Schwartz, Michael Schumacher - PK : Riley Wetmore
Extra Defensemen
Normal : Seth Helgeson, Joel Edmundson, Luke Witkowski - PP : Seth Helgeson - PK : Joel Edmundson, Luke Witkowski
Penalty Shots
Greg McKegg, Garret Ross, Freddie Hamilton, Daniil Tarasov, Colin Smith

% Time on Ice - Bulldogs

Lines # - Real PCT - Wanted PCT - Time Play
Normal Forward
1 - 23% - 35% - 9:02
2 - 29% - 30% - 11:11
3 - 26% - 22% - 10:05
4 - 23% - 13% - 8:50
Normal Defense
1 - 30% - 35% - 11:33
2 - 36% - 30% - 13:54
3 - 30% - 22% - 11:41
4 - 5% - 13% - 2:00
PP Forward
1 - 48% - 60% - 4:20
2 - 52% - 40% - 4:38
PP Defense
1 - 55% - 60% - 4:54
2 - 45% - 40% - 4:04
PK Forward
1 - 74% - 60% - 8:49
2 - 26% - 40% - 3:05
PK Defense
1 - 70% - 60% - 8:22
2 - 30% - 40% - 3:32
PK3 Forward
1 - 0% - 60%
2 - 0% - 40%
PK3 Defense
1 - 0% - 60%
2 - 0% - 40%
44 Forward
1 - 100% - 60% - 3:10
2 - 0% - 40% - 0:00
44 Defense
1 - 63% - 60% - 1:59
2 - 37% - 40% - 1:11
Last Minute Offensive  - 0:00
Last Minute Defensive  - 0:00
Total
Forward - 63:10
Defense - 63:10

% Time on Ice - Ice Caps

Lines # - Real PCT - Wanted PCT - Time Play
Normal Forward
1 - 22% - 35% - 8:36
2 - 34% - 30% - 13:10
3 - 32% - 22% - 12:22
4 - 13% - 13% - 5:00
Normal Defense
1 - 29% - 35% - 11:27
2 - 33% - 30% - 12:48
3 - 30% - 22% - 11:45
4 - 8% - 13% - 3:08
PP Forward
1 - 53% - 60% - 6:19
2 - 47% - 40% - 5:35
PP Defense
1 - 53% - 60% - 6:18
2 - 47% - 40% - 5:36
PK Forward
1 - 80% - 60% - 7:13
2 - 20% - 40% - 1:45
PK Defense
1 - 59% - 60% - 5:19
2 - 41% - 40% - 3:39
PK3 Forward
1 - 0% - 60%
2 - 0% - 40%
PK3 Defense
1 - 0% - 60%
2 - 0% - 40%
44 Forward
1 - 91% - 60% - 2:52
2 - 9% - 40% - 0:18
44 Defense
1 - 73% - 60% - 2:19
2 - 27% - 40% - 0:51
Last Minute Offensive  - 0:00
Last Minute Defensive  - 0:00
Total
Forward - 63:10
Defense - 63:10

Play by Play

1st period


0:01 of 1st period - Greg McKegg wins face-off versus Cody McCormick in neutral zone.
0:04 of 1st period - Cody McCormick is hit by Garret Ross and loses puck.
0:31 of 1st period - Snap shot by Freddie Hamilton.
0:31 of 1st period - Stopped by Jeff Zatkoff with a rebound.
0:59 of 1st period - B.J. Crombeen is hit by Daniil Tarasov and loses puck.
1:03 of 1st period - B.J. Crombeen beats up Scott Mayfield.
1:03 of 1st period - Penalty to Scott Mayfield for Fighting.
1:03 of 1st period - Penalty to B.J. Crombeen for Fighting.
1:04 of 1st period - Rylan Schwartz wins face-off versus Tim Kennedy in Bulldogs zone.
1:05 of 1st period - Snap shot by Cody Beach.
1:05 of 1st period - Stopped by Jeff Zatkoff with a rebound.
1:11 of 1st period - Rylan Schwartz is hit by Jean-Francois Jacques and loses puck.
1:47 of 1st period - Minor Penalty to Cody Beach for Roughing.
1:48 of 1st period - Cody McCormick wins face-off versus Greg McKegg in Ice Caps zone.
3:05 of 1st period - Wrist shot by Mark Olver.
3:05 of 1st period - Stopped by Nathan Lieuwen without a rebound.
3:06 of 1st period - Greg McKegg wins face-off versus Mark Olver in Ice Caps zone.
3:47 of 1st period - Penalty to Cody Beach is over, Cody Beach is back on ice.
4:23 of 1st period - Wrist shot by Daniil Tarasov.
4:23 of 1st period - Shot Blocked by Jordan Leopold.
4:25 of 1st period - Snap shot by Colin Smith.
4:25 of 1st period - Shot Blocked by Ryan Whitney.
4:46 of 1st period - Minor Penalty to Luke Witkowski for Tripping.
4:47 of 1st period - Greg McKegg wins face-off versus Mark Olver in Ice Caps zone.
4:59 of 1st period - Slapshot by Nathan Beaulieu.
4:59 of 1st period - Stopped by Nathan Lieuwen without a rebound.
5:00 of 1st period - Greg McKegg wins face-off versus Mark Olver in Ice Caps zone.
5:39 of 1st period - Wrist shot by Cody McCormick.
5:39 of 1st period - Shot Misses the Net.
5:41 of 1st period - Snap shot by Cody McCormick.
5:41 of 1st period - Shot Blocked by Daniil Tarasov.
5:43 of 1st period - Snap shot by Patrick Dwyer.
5:43 of 1st period - Shot Misses the Net.
6:03 of 1st period - Penalty to Scott Mayfield is over, Scott Mayfield is back on ice.
6:24 of 1st period - Slapshot by Nathan Beaulieu.
6:24 of 1st period - Shot Blocked by Garret Ross.
6:36 of 1st period - Brandon Davidson is hit by Ryan Carter and loses puck.
6:46 of 1st period - Penalty to Luke Witkowski is over, Luke Witkowski is back on ice.
7:32 of 1st period - Wrist shot by Michael Schumacher.
7:32 of 1st period - Stopped by Jeff Zatkoff without a rebound.
7:33 of 1st period - Colin Smith wins face-off versus Tim Kennedy in Bulldogs zone.
8:07 of 1st period - Snap shot by Tim Kennedy.
8:07 of 1st period - Shot Misses the Net.
8:27 of 1st period - Wrist shot by Jordan Leopold.
8:27 of 1st period - Shot Blocked by Michael Schumacher.
8:39 of 1st period - B.J. Crombeen beats up Scott Mayfield.
8:39 of 1st period - Penalty to Scott Mayfield for Fighting.
8:39 of 1st period - Penalty to B.J. Crombeen for Fighting.
8:40 of 1st period - Rylan Schwartz wins face-off versus Cody McCormick in Bulldogs zone.
8:51 of 1st period - Snap shot by Nathan Horton.
8:51 of 1st period - Deflect By Patrick Dwyer.
8:51 of 1st period - Shot Blocked by Seth Helgeson.
8:51 of 1st period - Puck is out of play.
8:52 of 1st period - Rylan Schwartz wins face-off versus Cody McCormick in Ice Caps zone.
8:59 of 1st period - Snap shot by Rylan Schwartz.
8:59 of 1st period - Stopped by Jeff Zatkoff with a rebound.
9:53 of 1st period - Snap shot by Mark Olver.
9:53 of 1st period - Stopped by Nathan Lieuwen with a rebound.
9:55 of 1st period - Snap shot by Ryan Carter.
9:55 of 1st period - Shot Misses the Net.
9:57 of 1st period - Wrist shot by Ryan Carter.
9:57 of 1st period - Shot Blocked by Michael Schumacher.
10:01 of 1st period - Snap shot by Ryan Carter.
10:01 of 1st period - Stopped by Nathan Lieuwen without a rebound.
10:02 of 1st period - Trevor Smith wins face-off versus Greg McKegg in Ice Caps zone.
10:29 of 1st period - Wrist shot by Garret Ross.
10:29 of 1st period - Shot Misses the Net.
10:31 of 1st period - Wrist shot by Oscar Klefbom.
10:31 of 1st period - Shot Blocked by Steven Kampfer.
10:33 of 1st period - Slapshot by Klas Dahlbeck.
10:33 of 1st period - Stopped by Jeff Zatkoff with a rebound.
10:37 of 1st period - Snap shot by Freddie Hamilton.
10:37 of 1st period - Shot Misses the Net.
10:39 of 1st period - Wrist shot by Oscar Klefbom.
10:39 of 1st period - Goal by Oscar Klefbom - Bulldogs : 0 - Ice Caps : 1.
10:40 of 1st period - Mark Olver wins face-off versus Colin Smith in neutral zone.
10:42 of 1st period - Minor Penalty to Ryan Carter for Holding.
10:43 of 1st period - Nathan Horton wins face-off versus Greg McKegg in Bulldogs zone.
11:20 of 1st period - Snap shot by Nathan Horton.
11:20 of 1st period - Stopped by Nathan Lieuwen without a rebound.
11:21 of 1st period - Colin Smith wins face-off versus Nathan Horton in Ice Caps zone.
11:30 of 1st period - Patrick Dwyer is hit by Colin Smith and loses puck.
11:53 of 1st period - Slapshot by Nathan Beaulieu.
11:53 of 1st period - Deflect By Colin Smith.
11:53 of 1st period - Stopped by Nathan Lieuwen with a rebound.
12:42 of 1st period - Penalty to Ryan Carter is over, Ryan Carter is back on ice.
13:34 of 1st period - Snap shot by Rylan Schwartz.
13:34 of 1st period - Deflect By Cody Beach.
13:34 of 1st period - Shot Blocked by Jordan Leopold.
13:34 of 1st period - Puck is out of play.
13:35 of 1st period - Trevor Smith wins face-off versus Riley Wetmore in Bulldogs zone.
13:35 of 1st period - Trevor Smith is hit by Riley Wetmore.
14:49 of 1st period - Wrist shot by Michael Schumacher.
14:49 of 1st period - Stopped by Jeff Zatkoff with a rebound.
15:31 of 1st period - Joel Edmundson is hit by Patrick Dwyer.
16:01 of 1st period - Patrick Kaleta is hit by Corey Cowick.
16:13 of 1st period - Snap shot by Brandon Yip.
16:13 of 1st period - Deflect By Tim Kennedy.
16:13 of 1st period - Shot Blocked by Daniil Tarasov.
16:13 of 1st period - Puck is out of play.
16:14 of 1st period - Greg McKegg wins face-off versus Tim Kennedy in Ice Caps zone.
16:33 of 1st period - Slapshot by Jean-Francois Jacques.
16:33 of 1st period - Shot Misses the Net.
17:12 of 1st period - Icing by Daniil Tarasov.
17:13 of 1st period - Colin Smith wins face-off versus Nathan Horton in Ice Caps zone.
18:16 of 1st period - Snap shot by Chris Conner.
18:16 of 1st period - Stopped by Nathan Lieuwen with a rebound.
18:30 of 1st period - Corey Cowick is hit by Chris Conner and loses puck.
18:38 of 1st period - Off-side.
18:39 of 1st period - Colin Smith wins face-off versus Tim Kennedy in neutral zone.
18:48 of 1st period - Wrist shot by Colin Smith.
18:48 of 1st period - Deflect By Nathan Beaulieu.
18:48 of 1st period - Stopped by Jeff Zatkoff with a rebound.
18:54 of 1st period - Daniil Tarasov is hit by Tim Kennedy and loses puck.
19:09 of 1st period - Brandon Yip is hit by Corey Cowick.
19:33 of 1st period - Freddie Hamilton is hit by Steven Kampfer and loses puck.
Goals for this period are 0 for Bulldogs vs 1 for Ice Caps.
Shots for this period are 7 for Bulldogs vs 8 for Ice Caps.

2nd period


0:01 of 2nd period - Greg McKegg wins face-off versus Cody McCormick in neutral zone.
0:27 of 2nd period - Wrist shot by Freddie Hamilton.
0:27 of 2nd period - Stopped by Jeff Zatkoff without a rebound.
0:28 of 2nd period - Colin Smith wins face-off versus Mark Olver in Bulldogs zone.
0:45 of 2nd period - Wrist shot by Ryan Carter.
0:45 of 2nd period - Stopped by Nathan Lieuwen without a rebound.
0:46 of 2nd period - Mark Olver wins face-off versus Daniil Tarasov in Ice Caps zone.
0:47 of 2nd period - Snap shot by Ryan Carter.
0:47 of 2nd period - Stopped by Nathan Lieuwen without a rebound.
0:48 of 2nd period - Mark Olver wins face-off versus Colin Smith in Ice Caps zone.
1:02 of 2nd period - Minor Penalty to Corey Cowick for Hooking.
1:03 of 2nd period - Greg McKegg wins face-off versus Cody McCormick in Ice Caps zone.
1:30 of 2nd period - Backhand shot by Nathan Horton.
1:30 of 2nd period - Stopped by Nathan Lieuwen without a rebound.
1:31 of 2nd period - Greg McKegg wins face-off versus Mark Olver in Ice Caps zone.
1:44 of 2nd period - Slapshot by Oscar Klefbom.
1:44 of 2nd period - Deflect By Ryan Carter.
1:44 of 2nd period - Stopped by Jeff Zatkoff with a rebound.
1:58 of 2nd period - Slapshot by Ryan Carter.
1:58 of 2nd period - Stopped by Nathan Lieuwen with a rebound.
2:00 of 2nd period - Backhand shot by Ryan Whitney.
2:00 of 2nd period - Shot Blocked by Klas Dahlbeck.
2:02 of 2nd period - Snap shot by Jordan Leopold.
2:02 of 2nd period - Shot Misses the Net.
2:04 of 2nd period - Snap shot by B.J. Crombeen.
2:04 of 2nd period - Goal by B.J. Crombeen - Bulldogs : 1 - Ice Caps : 1.
2:05 of 2nd period - Colin Smith wins face-off versus Nathan Horton in neutral zone.
2:12 of 2nd period - Snap shot by Corey Cowick.
2:12 of 2nd period - Stopped by Jeff Zatkoff with a rebound.
2:14 of 2nd period - Wrist shot by Brandon Davidson.
2:14 of 2nd period - Shot Blocked by Cody McCormick.
2:16 of 2nd period - Wrist shot by Daniil Tarasov.
2:16 of 2nd period - Shot Misses the Net.
2:18 of 2nd period - Snap shot by Corey Cowick.
2:18 of 2nd period - Shot Misses the Net.
2:20 of 2nd period - Slapshot by Corey Cowick.
2:20 of 2nd period - Stopped by Jeff Zatkoff with a rebound.
2:32 of 2nd period - Scott Mayfield is hit by Cody McCormick and loses puck.
2:42 of 2nd period - Icing by Steven Kampfer.
2:43 of 2nd period - Cody McCormick wins face-off versus Greg McKegg in Bulldogs zone.
3:04 of 2nd period - Wrist shot by Greg McKegg.
3:04 of 2nd period - Deflect By Freddie Hamilton.
3:04 of 2nd period - Shot Misses the Net.
3:04 of 2nd period - Puck is out of play.
3:05 of 2nd period - Rylan Schwartz wins face-off versus Mark Olver in Bulldogs zone.
3:14 of 2nd period - Wrist shot by B.J. Crombeen.
3:14 of 2nd period - Stopped by Nathan Lieuwen with a rebound.
3:16 of 2nd period - Backhand shot by Ryan Carter.
3:16 of 2nd period - Deflect By Mark Olver.
3:16 of 2nd period - Shot Misses the Net.
3:16 of 2nd period - Puck is out of play.
3:17 of 2nd period - Mark Olver wins face-off versus Rylan Schwartz in Ice Caps zone.
3:24 of 2nd period - Snap shot by Ryan Carter.
3:24 of 2nd period - Deflect By B.J. Crombeen.
3:24 of 2nd period - Stopped by Nathan Lieuwen without a rebound.
3:25 of 2nd period - Rylan Schwartz wins face-off versus Mark Olver in Ice Caps zone.
3:33 of 2nd period - Slapshot by Ryan Carter.
3:33 of 2nd period - Shot Blocked by Seth Helgeson.
3:35 of 2nd period - Wrist shot by Ryan Carter.
3:35 of 2nd period - Shot Blocked by Seth Helgeson.
3:37 of 2nd period - Slapshot by Jordan Leopold.
3:37 of 2nd period - Stopped by Nathan Lieuwen with a rebound.
3:47 of 2nd period - Slapshot by Jordan Leopold.
3:47 of 2nd period - Shot Misses the Net.
3:49 of 2nd period - Slapshot by Ryan Whitney.
3:49 of 2nd period - Stopped by Nathan Lieuwen without a rebound.
3:50 of 2nd period - Freddie Hamilton wins face-off versus Tim Kennedy in Ice Caps zone.
3:50 of 2nd period - Freddie Hamilton is hit by Tim Kennedy.
4:19 of 2nd period - Off-side.
4:20 of 2nd period - Cody McCormick wins face-off versus Colin Smith in neutral zone.
4:53 of 2nd period - Snap shot by Daniil Tarasov.
4:53 of 2nd period - Deflect By Colin Smith.
4:53 of 2nd period - Shot Misses the Net.
4:53 of 2nd period - Puck is out of play.
4:54 of 2nd period - Ryan Carter wins face-off versus Greg McKegg in Bulldogs zone.
4:54 of 2nd period - Ryan Carter is hit by Garret Ross.
4:57 of 2nd period - Minor Penalty to B.J. Crombeen for Tripping.
4:58 of 2nd period - Greg McKegg wins face-off versus Nathan Horton in Bulldogs zone.
5:06 of 2nd period - Snap shot by Garret Ross.
5:06 of 2nd period - Shot Misses the Net.
5:08 of 2nd period - Slapshot by Klas Dahlbeck.
5:08 of 2nd period - Deflect By Freddie Hamilton.
5:08 of 2nd period - Shot Misses the Net.
5:08 of 2nd period - Puck is out of play.
5:09 of 2nd period - Freddie Hamilton wins face-off versus Nathan Horton in Bulldogs zone.
5:12 of 2nd period - Wrist shot by Garret Ross.
5:12 of 2nd period - Shot Blocked by Jordan Leopold.
5:24 of 2nd period - Slapshot by Oscar Klefbom.
5:24 of 2nd period - Deflect By Freddie Hamilton.
5:24 of 2nd period - Shot Blocked by Jordan Leopold.
5:24 of 2nd period - Puck is out of play.
5:25 of 2nd period - Colin Smith wins face-off versus Nathan Horton in Bulldogs zone.
5:50 of 2nd period - Snap shot by Daniil Tarasov.
5:50 of 2nd period - Shot Misses the Net.
6:57 of 2nd period - Penalty to B.J. Crombeen is over, B.J. Crombeen is back on ice.
6:59 of 2nd period - Wrist shot by Corey Cowick.
6:59 of 2nd period - Stopped by Jeff Zatkoff without a rebound.
7:00 of 2nd period - Ryan Carter wins face-off versus Colin Smith in Bulldogs zone.
7:10 of 2nd period - Minor Penalty to Corey Cowick for Cross-checking.
7:11 of 2nd period - Greg McKegg wins face-off versus Mark Olver in Ice Caps zone.
7:18 of 2nd period - Snap shot by Garret Ross.
7:18 of 2nd period - Shot Misses the Net.
7:20 of 2nd period - Slapshot by Oscar Klefbom.
7:20 of 2nd period - Stopped by Jeff Zatkoff with a rebound.
7:50 of 2nd period - Ryan Carter is hit by Oscar Klefbom and loses puck.
8:21 of 2nd period - Wrist shot by Cody McCormick.
8:21 of 2nd period - Stopped by Nathan Lieuwen with a rebound.
8:23 of 2nd period - Snap shot by Cody McCormick.
8:23 of 2nd period - Stopped by Nathan Lieuwen with a rebound.
9:07 of 2nd period - Slapshot by Nathan Beaulieu.
9:07 of 2nd period - Deflect By Oscar Klefbom.
9:07 of 2nd period - Stopped by Nathan Lieuwen with a rebound.
9:10 of 2nd period - Penalty to Corey Cowick is over, Corey Cowick is back on ice.
9:19 of 2nd period - Tim Kennedy is hit by Freddie Hamilton and loses puck.
9:34 of 2nd period - Snap shot by Brandon Yip.
9:34 of 2nd period - Stopped by Nathan Lieuwen with a rebound.
9:36 of 2nd period - Slapshot by Derek Smith.
9:36 of 2nd period - Shot Blocked by Klas Dahlbeck.
10:04 of 2nd period - Klas Dahlbeck is hit by Trevor Smith and loses puck.
10:19 of 2nd period - Snap shot by Trevor Smith.
10:19 of 2nd period - Shot Misses the Net.
10:21 of 2nd period - Snap shot by Patrick Kaleta.
10:21 of 2nd period - Stopped by Nathan Lieuwen without a rebound.
10:22 of 2nd period - Rylan Schwartz wins face-off versus Tim Kennedy in Ice Caps zone.
10:27 of 2nd period - Snap shot by Tim Kennedy.
10:27 of 2nd period - Stopped by Nathan Lieuwen with a rebound.
10:29 of 2nd period - Snap shot by Tim Kennedy.
10:29 of 2nd period - Shot Misses the Net.
10:58 of 2nd period - Seth Helgeson is hit by Patrick Kaleta and loses puck.
11:28 of 2nd period - Slapshot by Derek Smith.
11:28 of 2nd period - Shot Blocked by Seth Helgeson.
11:42 of 2nd period - Colin Smith is hit by Cody McCormick and loses puck.
12:17 of 2nd period - Travis Ewanyk is hit by Tim Kennedy.
12:27 of 2nd period - Tim Kennedy is hit by Riley Wetmore and loses puck.
12:44 of 2nd period - Ryan Whitney is hit by Scott Mayfield and loses puck.
13:46 of 2nd period - Wrist shot by Garret Ross.
13:46 of 2nd period - Shot Misses the Net.
13:48 of 2nd period - Slapshot by Rylan Schwartz.
13:48 of 2nd period - Deflect By Freddie Hamilton.
13:48 of 2nd period - Shot Misses the Net.
13:48 of 2nd period - Puck is out of play.
13:49 of 2nd period - Cody McCormick wins face-off versus Rylan Schwartz in Bulldogs zone.
14:26 of 2nd period - Wrist shot by Ryan Carter.
14:26 of 2nd period - Shot Blocked by Oscar Klefbom.
14:28 of 2nd period - Slapshot by Jordan Leopold.
14:28 of 2nd period - Shot Misses the Net.
14:30 of 2nd period - Slapshot by B.J. Crombeen.
14:30 of 2nd period - Stopped by Nathan Lieuwen without a rebound.
14:31 of 2nd period - Mark Olver wins face-off versus Michael Schumacher in Ice Caps zone.
15:22 of 2nd period - Seth Helgeson is hit by Brandon Yip and loses puck.
15:49 of 2nd period - Derek Smith is hit by Rylan Schwartz and loses puck.
16:24 of 2nd period - Wrist shot by Cody McCormick.
16:24 of 2nd period - Stopped by Nathan Lieuwen without a rebound.
16:25 of 2nd period - Riley Wetmore wins face-off versus Cody McCormick in Ice Caps zone.
16:25 of 2nd period - Riley Wetmore is hit by Cody McCormick.
16:36 of 2nd period - Icing by Oscar Klefbom.
16:37 of 2nd period - Tim Kennedy wins face-off versus Michael Schumacher in Ice Caps zone.
17:31 of 2nd period - Corey Cowick is hit by Ryan Carter and loses puck.
17:36 of 2nd period - Snap shot by Ryan Carter.
17:36 of 2nd period - Deflect By B.J. Crombeen.
17:36 of 2nd period - Shot Blocked by Corey Cowick.
17:36 of 2nd period - Puck is out of play.
17:37 of 2nd period - Patrick Dwyer wins face-off versus Colin Smith in Ice Caps zone.
17:42 of 2nd period - Slapshot by Cody McCormick.
17:42 of 2nd period - Deflect By Nathan Horton.
17:42 of 2nd period - Shot Misses the Net.
17:42 of 2nd period - Puck is out of play.
17:43 of 2nd period - Corey Cowick wins face-off versus Cody McCormick in Ice Caps zone.
17:43 of 2nd period - Corey Cowick is hit by Cody McCormick.
17:49 of 2nd period - Snap shot by Daniil Tarasov.
17:49 of 2nd period - Deflect By Colin Smith.
17:49 of 2nd period - Stopped by Jeff Zatkoff with a rebound.
18:11 of 2nd period - Snap shot by Cody McCormick.
18:11 of 2nd period - Stopped by Nathan Lieuwen with a rebound.
18:45 of 2nd period - B.J. Crombeen is hit by Michael Schumacher and loses puck.
19:08 of 2nd period - Garret Ross is hit by Ryan Whitney and loses puck.
19:51 of 2nd period - Minor Penalty to Greg McKegg for Holding.
19:52 of 2nd period - Riley Wetmore wins face-off versus Cody McCormick in Ice Caps zone.
Goals for this period are 1 for Bulldogs vs 0 for Ice Caps.
Shots for this period are 18 for Bulldogs vs 7 for Ice Caps.

3rd period


0:01 of 3rd period - Riley Wetmore wins face-off versus Cody McCormick in neutral zone.
1:51 of 3rd period - Penalty to Greg McKegg is over, Greg McKegg is back on ice.
2:03 of 3rd period - Steven Kampfer is hit by Rylan Schwartz and loses puck.
2:43 of 3rd period - Derek Smith is hit by Corey Cowick and loses puck.
3:08 of 3rd period - Snap shot by Trevor Smith.
3:08 of 3rd period - Stopped by Nathan Lieuwen without a rebound.
3:09 of 3rd period - Trevor Smith wins face-off versus Riley Wetmore in Ice Caps zone.
3:36 of 3rd period - Slapshot by Oscar Klefbom.
3:36 of 3rd period - Stopped by Jeff Zatkoff without a rebound.
3:37 of 3rd period - Cody McCormick wins face-off versus Rylan Schwartz in Bulldogs zone.
4:27 of 3rd period - Minor Penalty to Jordan Leopold for Hooking.
4:28 of 3rd period - Nathan Horton wins face-off versus Greg McKegg in Bulldogs zone.
5:34 of 3rd period - Nathan Horton is hit by Scott Mayfield and loses puck.
5:54 of 3rd period - Off-side.
5:55 of 3rd period - Ryan Carter wins face-off versus Greg McKegg in neutral zone.
6:06 of 3rd period - Wrist shot by B.J. Crombeen.
6:06 of 3rd period - Stopped by Nathan Lieuwen without a rebound.
6:07 of 3rd period - Colin Smith wins face-off versus Nathan Horton in Ice Caps zone.
6:12 of 3rd period - Oscar Klefbom is hit by Ryan Whitney and loses puck.
6:27 of 3rd period - Penalty to Jordan Leopold is over, Jordan Leopold is back on ice.
6:29 of 3rd period - Colin Smith is hit by Patrick Dwyer and loses puck.
6:37 of 3rd period - Icing by Klas Dahlbeck.
6:38 of 3rd period - Mark Olver wins face-off versus Colin Smith in Ice Caps zone.
7:31 of 3rd period - Rylan Schwartz is hit by Tim Kennedy and loses puck.
7:46 of 3rd period - Michael Schumacher is hit by Brandon Yip and loses puck.
8:25 of 3rd period - Patrick Kaleta is hit by Garret Ross and loses puck.
9:03 of 3rd period - Icing by Scott Mayfield.
9:04 of 3rd period - Travis Ewanyk wins face-off versus Mark Olver in Ice Caps zone.
9:31 of 3rd period - Icing by Scott Mayfield.
9:32 of 3rd period - Riley Wetmore wins face-off versus Tim Kennedy in Ice Caps zone.
9:32 of 3rd period - Riley Wetmore is hit by Jean-Francois Jacques.
9:40 of 3rd period - Wrist shot by Tim Kennedy.
9:40 of 3rd period - Stopped by Nathan Lieuwen without a rebound.
9:41 of 3rd period - Rylan Schwartz wins face-off versus Tim Kennedy in Ice Caps zone.
9:48 of 3rd period - Wrist shot by Oscar Klefbom.
9:48 of 3rd period - Shot Misses the Net.
9:50 of 3rd period - Minor Penalty to Brandon Yip for Holding.
9:51 of 3rd period - Colin Smith wins face-off versus Nathan Horton in Bulldogs zone.
10:24 of 3rd period - Wrist shot by Daniil Tarasov.
10:24 of 3rd period - Stopped by Jeff Zatkoff with a rebound.
10:58 of 3rd period - Snap shot by Garret Ross.
10:58 of 3rd period - Shot Misses the Net.
11:14 of 3rd period - Wrist shot by Colin Smith.
11:14 of 3rd period - Stopped by Jeff Zatkoff with a rebound.
11:34 of 3rd period - Garret Ross is hit by Jordan Leopold and loses puck.
11:50 of 3rd period - Penalty to Brandon Yip is over, Brandon Yip is back on ice.
12:00 of 3rd period - Slapshot by Oscar Klefbom.
12:00 of 3rd period - Stopped by Jeff Zatkoff without a rebound.
12:01 of 3rd period - Trevor Smith wins face-off versus Colin Smith in Bulldogs zone.
12:54 of 3rd period - Cody Beach is hit by Tim Kennedy and loses puck.
13:03 of 3rd period - Snap shot by Brandon Yip.
13:03 of 3rd period - Shot Blocked by Rylan Schwartz.
13:31 of 3rd period - Snap shot by B.J. Crombeen.
13:31 of 3rd period - Stopped by Nathan Lieuwen with a rebound.
13:33 of 3rd period - Snap shot by B.J. Crombeen.
13:33 of 3rd period - Stopped by Nathan Lieuwen with a rebound.
13:35 of 3rd period - Snap shot by Mark Olver.
13:35 of 3rd period - Shot Misses the Net.
13:49 of 3rd period - Wrist shot by Ryan Carter.
13:49 of 3rd period - Stopped by Nathan Lieuwen without a rebound.
13:50 of 3rd period - Greg McKegg wins face-off versus Trevor Smith in Ice Caps zone.
14:11 of 3rd period - Klas Dahlbeck is hit by Trevor Smith and loses puck.
14:20 of 3rd period - Trevor Smith is hit by Greg McKegg and loses puck.
15:26 of 3rd period - Oscar Klefbom is hit by Derek Smith and loses puck.
15:29 of 3rd period - Backhand shot by Riley Wetmore.
15:29 of 3rd period - Shot Misses the Net.
15:35 of 3rd period - Slapshot by Oscar Klefbom.
15:35 of 3rd period - Stopped by Jeff Zatkoff without a rebound.
15:36 of 3rd period - Tim Kennedy wins face-off versus Greg McKegg in Bulldogs zone.
15:38 of 3rd period - Minor Penalty to Brandon Yip for Hooking.
15:39 of 3rd period - Greg McKegg wins face-off versus Nathan Horton in Bulldogs zone.
16:15 of 3rd period - Snap shot by Oscar Klefbom.
16:15 of 3rd period - Shot Misses the Net.
16:17 of 3rd period - Slapshot by Oscar Klefbom.
16:17 of 3rd period - Shot Blocked by Patrick Dwyer.
16:43 of 3rd period - Brandon Davidson is hit by Nathan Horton and loses puck.
16:52 of 3rd period - Wrist shot by Nathan Horton.
16:52 of 3rd period - Shot Blocked by Greg McKegg.
17:12 of 3rd period - Snap shot by Daniil Tarasov.
17:12 of 3rd period - Stopped by Jeff Zatkoff without a rebound.
17:13 of 3rd period - Ryan Carter wins face-off versus Colin Smith in Bulldogs zone.
17:36 of 3rd period - Slapshot by Oscar Klefbom.
17:36 of 3rd period - Shot Misses the Net.
17:38 of 3rd period - Penalty to Brandon Yip is over, Brandon Yip is back on ice.
17:50 of 3rd period - Mark Olver is hit by Klas Dahlbeck and loses puck.
18:00 of 3rd period - Minor Penalty to Mark Olver for Roughing.
18:01 of 3rd period - Colin Smith wins face-off versus Ryan Carter in Bulldogs zone.
18:01 of 3rd period - Wrist shot by Daniil Tarasov.
18:01 of 3rd period - Stopped by Jeff Zatkoff without a rebound.
18:02 of 3rd period - Colin Smith wins face-off versus Ryan Carter in Bulldogs zone.
18:30 of 3rd period - Snap shot by Daniil Tarasov.
18:30 of 3rd period - Stopped by Jeff Zatkoff with a rebound.
18:54 of 3rd period - Jordan Leopold is hit by Garret Ross and loses puck.
19:09 of 3rd period - Klas Dahlbeck is hit by B.J. Crombeen and loses puck.
19:17 of 3rd period - Slapshot by Oscar Klefbom.
19:17 of 3rd period - Shot Misses the Net.
19:19 of 3rd period - Slapshot by Oscar Klefbom.
19:19 of 3rd period - Stopped by Jeff Zatkoff with a rebound.
19:21 of 3rd period - Slapshot by Oscar Klefbom.
19:21 of 3rd period - Stopped by Jeff Zatkoff with a rebound.
0:00 - Penalty to Mark Olver is over, Mark Olver is back on ice.
Goals for this period are 0 for Bulldogs vs 0 for Ice Caps.
Shots for this period are 6 for Bulldogs vs 10 for Ice Caps.

Overtime #1


0:01 of 1st overtime period - Nathan Horton wins face-off versus Greg McKegg in neutral zone.
0:19 of 1st overtime period - Slapshot by Oscar Klefbom.
0:19 of 1st overtime period - Shot Misses the Net.
0:33 of 1st overtime period - Backhand shot by Oscar Klefbom.
0:33 of 1st overtime period - Shot Misses the Net.
0:54 of 1st overtime period - Patrick Dwyer is hit by Garret Ross and loses puck.
1:33 of 1st overtime period - Snap shot by Nathan Beaulieu.
1:33 of 1st overtime period - Deflect By Oscar Klefbom.
1:33 of 1st overtime period - Stopped by Nathan Lieuwen with a rebound.
2:14 of 1st overtime period - Nathan Horton is hit by Michael Schumacher and loses puck.
3:05 of 1st overtime period - Jordan Leopold is hit by Scott Mayfield and loses puck.
3:10 of 1st overtime period - Snap shot by Daniil Tarasov.
3:10 of 1st overtime period - Goal by Daniil Tarasov - Bulldogs : 1 - Ice Caps : 2.
Goals for this period are 0 for Bulldogs vs 1 for Ice Caps.
Shots for this period are 1 for Bulldogs vs 1 for Ice Caps.


Output by the SimonT Hockey Simulator (STHS) for Eric Dolegowski -- Original Page W3C XHTML 1.0 Valid
Hockey Simulator - Hockey Simulation - Hockey Manager